 Dungeon Crawl Stone Soup version 0.28.0-53-g5a82cb258f (webtiles) character file.

Game seed: 7243663095240716632

2435 Gabide the Basher (level 9, -3/63 HPs)
             Began as a Mummy Monk on May 29, 2022.
             Slain by a gnoll
             ... wielding a +0 spear
              (6 damage)
             ... on level 7 of the Dungeon.
             The game lasted 00:16:31 (9944 turns).

Gabide the Basher (Mummy Monk)                      Turns: 9944, Time: 00:16:32

Health: -3/63      AC:  5    Str: 15    XL:     9   Next: 24%
Magic:  9/9        EV: 16    Int:  9    God:
Gold:   706        SH:  0    Dex: 18    Spells: 8/8 levels left

rFire   x . .      SeeInvis .   p - +1 whip (drain)
rCold   + . .      Faith    .   (no shield)
rNeg    + + +      Spirit   .   d - +0 ring mail
rPois   ∞          Reflect  .   (no helmet)
rElec   .          Harm     .   (no cloak)
rCorr   .          Rampage  .   (no gloves)
Will    +....                   (no boots)
Stlth   +.........              (no amulet)
HPRegen 0.20/turn               c - +4 ring of evasion
MPRegen 0.11/turn               (no ring)

@: no status effects
A: cold resistance 1, negative energy resistance 3, torment resistance 2, heat
vulnerability 1, no potions
a: no special abilities


You were on level 7 of the Dungeon.
You visited 1 branch of the dungeon, and saw 7 of its levels.

You collected 706 gold pieces.

Inventory:

Hand Weapons
 a - the +8 whip of Domination {antimagic, *Slow Int+4 Dex+2}
   (You found it on level 5 of the Dungeon)

   It reduces the magical energy of the wielder, and disrupts the spells and
   magical abilities of those it strikes.
   Natural abilities and divine invocations are not affected.
   Int:       It affects your intelligence (+4).
   Dex:       It affects your dexterity (+2).
   *Slow:     It may slow you when you take damage.
 o - a +1 mace
 p - a +1 whip of draining (weapon)
Missiles
 f - 4 poisoned darts (quivered)
Armour
 d - a +0 ring mail (worn)
 m - a +0 kite shield
Jewellery
 c - a +4 ring of evasion (left hand)
 k - a ring of magical power
Wands
 n - a wand of flame (24)
Scrolls
 e - 2 scrolls of amnesia
 g - 5 scrolls of teleportation
 h - 2 scrolls of holy word
 i - a scroll of noise
 j - a scroll of immolation
 l - a scroll of fog {unknown}


   Skills:
 - Level 3.0 Fighting
 - Level 3.8(8.5) Axes
 + Level 11.7(12.0) Maces & Flails
 - Level 3.0 Armour
 - Level 3.0 Dodging
 - Level 1.5 Stealth


You had 8 spell levels left.
You didn't know any spells.
Your spell library contained the following spells:

 Spells                   Type           Power      Damage    Failure   Level
 Magic Dart               Conj           0%         1d3       61%         1
 Searing Ray              Conj           0%         2d4       75%         2
 Gell's Gravitas          Tloc           0%         N/A       93%         3
 Lesser Beckoning         Tloc           0%         N/A       93%         3
 Teleport Other           Tloc           0%         N/A       93%         3
 Fulminant Prism          Conj/Hex       0%         3d6       100%        4


Dungeon Overview and Level Annotations

Branches:
Dungeon (7/15)
 Temple: D:4-7

Altars:
Zin

Shops:
D:1 (   D:3 [


Innate Abilities, Weirdness & Mutations

You are immune to poison.
Your flesh is cold resistant. (rC+)
You are immune to negative energy. (rN+++)
You are immune to unholy pain and torment.
You are vulnerable to heat. (rF-)
You do not drink.


Message History

The now-empty wand crumbles to dust.
You hear a shout! x2
The steam dragon breathes steam at you. The ball of steam hits you!!
The steam scalds you terribly!
A gnoll comes into view. It is wielding a +0 spear.
A gnoll comes into view. It is wielding a +0 whip.
You are engulfed in a cloud of scalding steam.
The gnoll shouts!
A gnoll comes into view. It is wielding a +0 spear.
The steam dragon breathes steam at you. The ball of steam misses you.
You hear a shout!
Found 16 gold pieces.
A gnoll sergeant comes into view. It is wielding a +0 spear.
The steam dragon bites you.
The steam dragon claws you but does no damage.
The gnoll hits you from afar with a +0 spear.
You hit the steam dragon.
The steam dragon is severely wounded.
You hit the steam dragon.
The steam dragon is almost dead.
You are engulfed in a cloud of scalding steam.
The steam dragon breathes steam at you. The ball of steam hits you!
The steam scalds you terribly!
* * * LOW HITPOINT WARNING * * *
The gnoll is engulfed in a cloud of scalding steam.
The gnoll dies!
You hit the steam dragon.
The steam dragon is almost dead.
You are engulfed in a cloud of scalding steam.
* * * LOW HITPOINT WARNING * * *
You closely miss the steam dragon.
The steam dragon is almost dead.
An orc comes into view. It is wielding a +0 dagger.
The steam dragon barely misses you. x2
The gnoll hits you from afar with a +0 spear.
* * * LOW HITPOINT WARNING * * *
Okay, then.
The gnoll hits you from afar with a +0 spear.
You die...

.....#...............# .
#..###..#.......#..## ..
##.....###.....###...
##..#.......#..###..#....
.#...............#........
g... .#.....#.........#...
..... ##...##....o....##..
...?.g#.....#.........#...
#...gg..@§§§....#........
##..#.ggD§§§#..###..#....
.... ##)g.§§###.....###...
... #..###..#.......#..##
$..... ..............#
.#.... ...#.....#....( .
#...D ...##... #.....
#..... ...#... #..... ....
. .......#


You could see a steam dragon (catching breath), a gnoll sergeant and 5 gnolls.

Vanquished Creatures
  Grinder (D:6)
  A steam dragon (D:6)
  A water moccasin (D:4)
  2 sky beasts (D:5)
  5 ogres
  3 ice beasts
  A centaur (D:6)
  A bullfrog (D:6)
  3 scorpions
  A water moccasin skeleton (D:5)
  A bullfrog zombie (D:5)
  A centaur zombie (D:4)
  A hound (D:4)
  7 jellies
  A gnoll shaman (D:7)
  A centaur skeleton (D:6)
  4 iguanas
  Jessica (D:2)
  Natasha (thrice) (D:2)
  10 gnolls
  2 adders
  A white imp (D:6)
  2 ufetubi
  A worm (D:4)
  2 dart slugs
  8 orcs
  5 ball pythons
  14 endoplasms
  4 giant cockroaches
  5 goblins
  4 hobgoblins
  4 quokkas
  A bat (D:2)
  A frilled lizard (D:2)
  10 kobolds
  4 rats
117 creatures vanquished.

Vanquished Creatures (others)
  A gnoll (D:7)
  3 fungi (D:4)
  11 toadstools (D:4)
15 creatures vanquished.

Grand Total: 132 creatures vanquished

Notes
Turn   | Place    | Note
-------+----------+-------------------------------------------
     0 | D:1      | Gabide the Mummy Monk began the quest for the Orb.
     0 | D:1      | Reached XP level 1. HP: 18/18 MP: 1/1
   217 | D:1      | Reached XP level 2. HP: 4/24 MP: 2/2
   485 | D:1      | Found a faded altar of an unknown god.
  1017 | D:1      | Found Zaxul's Weapon Emporium.
  1231 | D:2      | Noticed Natasha
  1236 | D:2      | Noticed a crimson imp
  1245 | D:2      | Killed Natasha
  1246 | D:2      | Reached skill level 1 in Armour
  1246 | D:2      | Reached XP level 3. HP: 27/29 MP: 3/3
  1309 | D:2      | Noticed Jessica
  1317 | D:2      | Killed Jessica
  1318 | D:2      | Reached XP level 4. HP: 35/35 MP: 4/4
  1734 | D:2      | Noticed Natasha
  1749 | D:2      | Killed Natasha
  2346 | D:2      | Noticed Natasha
  2352 | D:2      | Killed Natasha
  2513 | D:3      | Found Durpho's Armour Shoppe.
  2594 | D:3      | Reached XP level 5. HP: 41/41 MP: 5/5
  3662 | D:4      | Reached skill level 1 in Maces & Flails
  3802 | D:4      | Reached skill level 2 in Maces & Flails
  3802 | D:4      | Reached XP level 6. HP: 29/47 MP: 6/6
  3959 | D:4      | Noticed a water moccasin
  3977 | D:4      | Killed a water moccasin
  3978 | D:4      | Reached skill level 4 in Maces & Flails
  4347 | D:4      | Reached skill level 5 in Maces & Flails
  4522 | D:4      | Reached skill level 6 in Maces & Flails
  4522 | D:4      | Reached XP level 7. HP: 29/52 MP: 7/7
  5276 | D:4      | Reached skill level 7 in Maces & Flails
  5882 | D:5      | Entered Level 5 of the Dungeon
  6495 | D:5      | Reached skill level 8 in Maces & Flails
  6588 | D:5      | Reached skill level 9 in Maces & Flails
  6588 | D:5      | Reached XP level 8. HP: 42/58 MP: 8/8
  7445 | D:5      | Reached skill level 10 in Maces & Flails
  7537 | D:5      | Identified the +8 whip of Domination {antimagic, *Slow
                  | Int+4 Dex+2}
  8035 | D:6      | Noticed Grinder
  8037 | D:6      | Paralysed by Grinder for 4 turns
  8055 | D:6      | Killed Grinder
  8327 | D:6      | Reached skill level 11 in Maces & Flails
  8656 | D:6      | Identified a scroll of acquirement
  8657 | D:6      | Acquired 364 gold pieces
  8832 | D:6      | Reached XP level 9. HP: 50/63 MP: 9/9
  9942 | D:7      | HP: 3/63 [steam dragon] (11)]
  9944 | D:7      | Slain by a gnoll

Illustrated notes

Levels and vault maps discovered:
D:1:      psy_arrival_spokes, layout_basic, serial_shops,
          nicolae_shop_bloodbath_and_beyond,
          shapermc_ecumenical_altar_starsandcircs, chequers_arboretum,
          fountainhead
D:2:      layout_basic, basic_altar, uniq_natasha, uniq_jessica
D:3:      layout_loops_ring, serial_shops, shop
D:4:      cheibrodos_fertilizer, layout_rooms, kennysheep_minor_cross
D:5:      layout_basic, palyth_stone_intersect, chequers_serial_rivers_marsh,
          minmay_misc_feat_diagonals, corexii_hall_statues_t
D:6:      layout_basic, uniq_grinder
D:7:      nicolae_cairo_tiling_large_dashed, layout_loops_ring,
          minmay_temple_entry_glassed_door

Skill      XL: |  1  2  3  4  5  6  7  8 |
---------------+-------------------------+-----
Dodging        | 3 |  3.0
Axes           | 3 |  3.8
Armour         | 1 2 3 |  3.0
Maces & Flails | 2 6 9 11 | 11.7
Fighting       | |  3.0
Stealth        | |  1.5

Action                   |  1- 3 |  4- 6 |  7- 9 || total
-------------------------+-------+-------+-------++-------
Melee: Hand axe          |    62 |   135 |    56 ||   253
       Punch             |       |     3 |     4 ||     7
       War axe           |       |     9 |       ||     9
       Mace              |       |       |   213 ||   213
       Whip              |       |       |    15 ||    15
Throw: Dart              |     9 |    40 |    65 ||   114
       Stone             |       |    12 |     7 ||    19
Evoke: Wand              |       |       |    17 ||    17
  Use: Scroll            |       |     4 |     8 ||    12
 Stab: Sleeping          |     1 |       |     1 ||     2
       Paralysed         |       |       |     8 ||     8
Armor: Robe              |     2 |       |       ||     2
       Ring mail         |     7 |    20 |    45 ||    72
Dodge: Dodged            |    42 |   116 |   185 ||   343
